 Dungeon Crawl Stone Soup version 0.32-a0-666-ge8a88695a4 (webtiles) character file.

Game seed: 5088611287690752362

115 anonymouscript the Trooper (level 5, -7/55 HPs)
             Began as an Oni Berserker on Mar 9, 2024.
             Was a Believer of Trog.
             Killed by an exploding endoplasm (30 damage)
             ... ignited by their inner flame
             ... on level 3 of the Dungeon.
             The game lasted 00:06:25 (1637 turns).

anonymouscript the Trooper (Oni Berserker)          Turns: 1637, Time: 00:06:27

Health: -7/55      AC:  3    Str: 23    XL:     5   Next: 0%
Magic:  5/5        EV: 10    Int:  8    God:    Trog [**....]
Gold:   124        SH:  0    Dex:  8    Spells: 4/4 levels left

rFire   . . .        h - +0 hand axe (flame)
rCold   . . .        (no shield)
rNeg    . . .        b - +0 animal skin
rPois   .            (helmet restricted)
rElec   .            (no cloak)
rCorr   .            (gloves unavailable)
SInv    .            (boots unavailable)
Will    .....        (no amulet)
Stlth   +            (no ring)
HPRegen 0.29/turn    (no ring)
MPRegen 0.09/turn

%: no passive effects
@: no status effects
A: large, unfitting armour, horns 1, tough skin 1, double potion healing,
drunken brawling
a: Renounce Religion, Berserk, Trog's Hand


You were on level 3 of the Dungeon.
You worshipped Trog.
Trog was pleased with you.
You visited 1 branch of the dungeon, and saw 3 of its levels.

You collected 124 gold pieces.

Inventory:

Hand Weapons
 a - a +0 hand axe
 h - a +0 hand axe of flaming (weapon)
 k - the +6 quarterstaff of Zaola {spect, rPois Will- rCorr}
   (You found it on level 3 of the Dungeon)

   rPois:     It protects you from poison.
   Will-:     It decreases your willpower.
   rCorr:     It protects you from acid and corrosion.
Missiles
 f - 6 boomerangs (quivered)
Armour
 b - a +0 animal skin (worn)
Scrolls
 d - 3 scrolls of identify
Potions
 c - 2 potions of haste {unknown}
 e - a potion of magic {unknown}
 g - a potion of ambrosia {unknown}
 i - a potion of curing


   Skills:
 + Level 4.9 Fighting
 + Level 4.3 Axes
 + Level 3.5 Dodging
 + Level 0.3 Stealth


You had 4 spell levels left.
You didn't know any spells.
Your spell library was empty.

Dungeon Overview and Level Annotations

Branches:
Dungeon (3/15)

Altars:
Okawaru

Annotations:
D:3 Terence


Innate Abilities, Weirdness & Mutations

You are too large for most types of armour.
You have a pair of small horns on your head.
You have tough skin. (AC +1)
You gain doubled healing and magic from potions.
Whenever you drink a healing potion, you attack all around you.


Message History

Found a book of Cantrips.
An endoplasm comes into view.
Found a sling.
The endoplasm quivers.
Terence says, "How do you enjoy it?"
A kobold and an orc come into view.
The kobold is wielding a +2 whip of freezing.
The orc is wielding a +0 war axe of flaming.
Found a book of Debilitation.
Found a scroll labelled IZEOXT AN ZUMU.
The endoplasm hits you.
The endoplasm attacks as it pursues you!
The endoplasm barely misses you.
You see here a +0 ring mail.
As you read the scroll labelled VEILUT LAIN, it crumbles to dust.
The creatures around you are filled with an inner flame!
It was a scroll of immolation.
The orc shouts!
Terence hits you with a +0 heavy hand axe.
The endoplasm barely misses you.
The orc throws a javelin.
The javelin closely misses you.
As you read the scroll labelled IZEOXT AN ZUMU, it crumbles to dust.
It is a scroll of identify.
i - 2 potions of curing Terence hits you with a +0 heavy hand axe!
* * * LOW HITPOINT WARNING * * *
The endoplasm misses you.
Okay, then.
You take a swig of the potion and twirl your +0 hand axe of flaming.
You hit the endoplasm. You burn the endoplasm. Trog accepts your kill.
You hit Terence.
Flame seeps out of Terence.
You burn Terence.
Flame seeps out of Terence.
Terence is lightly wounded.
You savour every drop.
You feel better.
The endoplasm explodes!
The fiery explosion engulfs the kobold!!
Trog accepts your kill. The fiery explosion engulfs you!!
Ouch! That really hurt!
You die...

..................# #.
..........#:......##..
##o.......##.......#..#
#......)...........$.#
.....................#
.....................##
#......§§.............#
......§§§.............#
#.....§@@.#..........###
#?......................
####....................
#...$................
#......(..##....##...
..........#####.#....
........<...†@........
.............##........
..####..#............


You could see Terence (inner flame) and an orc (inner flame).

Vanquished Creatures
  A bombardier beetle (D:3)
  2 adders (D:2)
  A dart slug (D:2)
  A ribbon worm (D:3)
  8 endoplasms
  6 goblins
  4 hobgoblins
  3 jackals (D:1)
  5 kobolds
  A quokka (D:1)
  8 ball pythons
  7 bats
  5 frilled lizards (D:1)
  6 rats
58 creatures vanquished.

Notes
Turn   | Place    | Note
-------+----------+-------------------------------------------
     0 | D:1      | anonymouscript the Oni Berserker began the quest for the
                  | Orb.
     0 | D:1      | Reached XP level 1. HP: 24/24 MP: 1/1
    58 | D:1      | Reached XP level 2. HP: 19/32 MP: 2/2
   462 | D:1      | Reached ** piety under Trog
   463 | D:1      | Reached XP level 3. HP: 39/39 MP: 3/3
   986 | D:2      | Found an iron altar of Okawaru.
  1058 | D:2      | Reached XP level 4. HP: 38/49 MP: 4/4
  1111 | D:2      | Found Vitsou Eroe's Armour Boutique.
  1541 | D:3      | Noticed Terence
  1593 | D:3      | Identified the +6 quarterstaff of Zaola {spect, rPois Will-
                  | rCorr}
  1614 | D:3      | Reached XP level 5. HP: 32/55 MP: 5/5
  1637 | D:3      | Killed by an exploding endoplasm... ignited by their inner
                  | flame

Illustrated notes

Levels and vault maps discovered:
D:1:      heliophobic_arrival_henge, layout_loops_ring, dk_noncrumbling_3,
          serial_bayou_ford_a
D:2:      layout_basic, serial_shops, nicolae_shop_peninsula, basic_altar,
          minmay_misc_feat_alley
D:3:      layout_rooms, uniq_terence

Skill      XL: |  1  2  3  4 |
---------------+-------------+-----
Dodging        | 3 |  3.5
Axes           | 4 |  4.3
Fighting       | |  4.9
Stealth        | |  0.3

Action                     |  1- 3 |  4- 6 || total
---------------------------+-------+-------++-------
  Melee: Hand axe          |   103 |    25 ||   128
         Headbutt          |    14 |     1 ||    15
    Use: Scroll            |       |     2 ||     2
         Potion            |       |     1 ||     1
   Stab: Sleeping          |       |     1 ||     1
 Armour: Animal skin       |    67 |    20 ||    87
  Dodge: Dodged            |    48 |    13 ||    61

Table legend: (Time is in decaauts)
 A = Elapsed time spent in this place.
 B = Non-inter-level travel time spent in this place.
 C = Inter-level travel time spent in this place.
 D = Time resting spent in this place.
 E = Time spent auto-exploring this place.
 F = Levels seen in this place.
 G = Mean time per level.
                   A        B        C        D        E       F      G
               +--------+--------+--------+--------+--------+-----+--------+
         Total |   1653 |   1591 |     62 |      0 |   1120 |   3 |  551.0 |
       Dungeon |   1653 |   1591 |     62 |      0 |   1120 |   3 |  551.0 |
               +--------+--------+--------+--------+--------+-----+--------+

Top non-repeatable levels by time:
     D:1: 871 daAuts
     D:2: 728 daAuts
     D:3: 52 daAuts
